 Dungeon Crawl Stone Soup version 0.23-a0-667-gc184e93 (console) character file.

15493 Duffy the Thaumaturge (level 12, 86/86 HPs)
             Began as a Demonspawn Fire Elementalist on Jan 8, 2019.
             Was a High Priest of Sif Muna.
             Quit the game on level 2 of the Lair of Beasts.
             The game lasted 00:27:59 (19095 turns).

Duffy the Thaumaturge (DsFE)                       Turns: 19095, Time: 00:28:00

Health: 86/86      AC:  6    Str:  8    XL:     12   Next: 1%
Magic:  20/25      EV: 23    Int: 25    God:    Sif Muna [*****.]
Gold:   297        SH:  0    Dex: 15    Spells: 3/30 levels left

rFire    + . .     SeeInvis .   G - +0 dagger (elec)
rCold    . . .     Gourm    .   (no shield)
rNeg     . . .     Faith    .   F - +1 robe of the Ninety-Nine Seas {rF+ Int+4}
rPois    .         Spirit   .   p - +0 helmet
rElec    .         Reflect  .   f - scarf {cloud immunity}
rCorr    .         Harm     .   (no gloves)
MR       .....                  (no boots)
Stlth    ++++......             (no amulet)
HPRegen  0.24/turn              R - +5 ring of evasion
MPRegen  0.19/turn              H - +3 ring of evasion

@: divine energy
A: claws 1, molten scales 1, nightstalker 2, spiny 1
a: Stop Divine Energy, Channel Magic, Forget Spell, Renounce Religion


You were on level 2 of the Lair of Beasts.
You worshipped Sif Muna.
Sif Muna was extremely pleased with you.
You were not hungry.

You visited 3 branches of the dungeon, and saw 13 of its levels.

You collected 687 gold pieces.
You spent 390 gold pieces at shops.

Inventory:

Hand Weapons
 G - a +0 dagger of electrocution (weapon)
 M - a +0 blowgun
Missiles
 C - 5 curare-tipped needles
 K - 3 throwing nets (quivered)
Armour
 f - a scarf of cloud immunity (worn)
 h - a +0 robe of cold resistance
 p - a +0 helmet (worn)
 F - the +1 robe of the Ninety-Nine Seas (worn) {rF+ Int+4}
   (You found it on level 6 of the Dungeon)

   It affects your intelligence (+4).
   It protects you from fire.
 Q - a +1 robe of magic resistance
Jewellery
 H - a +3 ring of evasion (right claw)
 L - an uncursed ring of see invisible
 R - a +5 ring of evasion (left claw)
Wands
 r - a wand of paralysis (5)
 x - a wand of enslavement (6)
 y - a wand of iceblast (25)
 z - a wand of flame (33)
 D - a wand of acid (8)
 J - a wand of digging (9)
 O - a wand of polymorph (1)
 W - a wand of random effects (19)
Scrolls
 d - 10 scrolls of teleportation
 g - a scroll of amnesia
 i - 9 scrolls of remove curse
 j - 2 scrolls of fear {unknown}
 l - 3 scrolls of magic mapping
 m - a scroll of enchant armour {unknown}
 o - 2 scrolls of blinking {unknown}
 s - 4 scrolls of enchant weapon {unknown}
 B - 3 scrolls of identify
 E - 2 scrolls of immolation {unknown}
 U - 3 scrolls of fog {unknown}
Potions
 b - 3 potions of heal wounds
 e - a potion of magic
 k - a potion of resistance
 n - 2 potions of cancellation
 q - 7 potions of curing
 t - 3 potions of mutation
 u - 2 potions of lignification
 v - 3 potions of brilliance
 w - a potion of haste
 A - 4 potions of agility
 I - 3 potions of invisibility
 N - 2 potions of flight
 P - a potion of might
 S - a potion of berserk rage
 T - 2 potions of ambrosia
Comestibles
 c - 18 rations


   Skills:
 - Level 5.0 Fighting
 - Level 5.0 Dodging
 - Level 1.7 Stealth
 + Level 9.5 Spellcasting
 - Level 8.4 Conjurations
 - Level 7.9 Fire Magic
 + Level 3.3 Earth Magic
 + Level 9.1 Invocations
 - Level 6.0 Evocations


You had 3 spell levels left.
You knew the following spells:

 Your Spells              Type           Power        Failure   Level  Hunger
h - Flame Tongue          Conj/Fire      #####        1%          1    None
j - Sticky Flame          Conj/Fire      ######..     1%          4    #......
k - Fireball              Conj/Fire      ######....   4%          5    ####...
l - Conjure Flame         Conj/Fire      ######..     1%          3    None
o - Mephitic Cloud        Conj/Pois/Air  ####....     4%          3    None
u - Bolt of Magma         Conj/Fire/Erth #####.....   10%         5    ####...
y - Iskenderun's Mystic   Conj           ######..     1%          4    #......
B - Blink                 Tloc           N/A          8%          2    None

Your spell library contained the following spells:

 Spells                   Type           Power        Failure   Level  Hunger
 Magic Dart               Conj           ####         1%          1    None
 Throw Flame              Conj/Fire      ######       1%          2    None
 Static Discharge         Conj/Air       ####....     2%          3    None
 Inner Flame              Hex/Fire       ####....     3%          3    None
 Call Imp                 Summ           ##......     8%          2    None
 Slow                     Hex            ##......     8%          2    None
 Spellforged Servitor     Conj/Summ      ####......   100%        7    #######
 Lehudib's Crystal Spear  Conj/Erth      #####.....   100%        8    #######


Dungeon Overview and Level Annotations

Branches:
Dungeon (10/15)            Temple (1/1) D:4            Lair (2/6) D:8
 Spider (0/4) Lair:2
  Swamp: Lair:2-4    Shoals: Lair:2-4       Orc: D:9-12

Altars:
Ashenzari
Cheibriados
Dithmenos
Elyvilon
Fedhas
Gozag
Hepliaklqana
Kikubaaqudgha
Makhleb
Nemelex Xobeh
Okawaru
Qazlal
Ru
Sif Muna
Trog
Uskayaw
Vehumet
Wu Jian
Xom
Yredelemnul
Zin
The Shining One

Shops:
D:4 *   D:6 [   D:7 !   D:8 *   D:9 :

Annotations:
D:7 1 transporter
Lair:1 exclusion: crocodile, Nergalle


Innate Abilities, Weirdness & Mutations

You have sharp fingernails.
You are partially covered in molten scales. (AC +2)
You are significantly more attuned to the shadows.
You are partially covered in sharp spines.


Message History

The merfolk siren is covered in liquid flames!
The merfolk siren burns!
The merfolk siren chants its luring song.
You hit the merfolk siren.
Lightning courses through the merfolk siren!
The merfolk siren is severely wounded.
The merfolk siren burns!
The merfolk siren chants its luring song.
You hit the merfolk siren but do no damage.
Lightning courses through the merfolk siren!
You break out of your daze!
You kill the merfolk siren!
Sif Muna accepts your kill.
You have reached level 12!
Your experience leads to an increase in your attributes!
Your base attributes are Str 8, Int 20, Dex 14.
Increase (S)trength, (I)ntelligence, or (D)exterity?
You feel clever.
You feel agile.
Your demonic ancestry asserts itself...
Sharp spines emerge from parts of your body.
Are you sure you want to abandon this character and quit the game? (Confirm

........# #.....#
.....[.## #.....#
.......# #.....#
.......# ### #.....#
.......### #.###.....##
.......)#P####.##......#
.......................#
#.....................##
#................@)...##
.....................<.#
...........##P.........#
...#.............#....##
P...###...............##
#..## #..P.......#.....#
#..# #..P.......#.....#
...# #....#####.#....##
#..## #..### ###....#


There were no monsters in sight!

Vanquished Creatures
  An ugly thing (D:10)
  2 spiny frogs
  A merfolk siren (Lair:2)
  A torpor snail (Lair:2)
  A gargoyle (D:10)
  2 komodo dragons (Lair:1)
  A merfolk (D:9)
  3 trolls
  A hornet (D:10)
  4 blink frogs (Lair:2)
  3 hippogriffs
  24 yaks
  Eustachio (D:4)
  A wraith (D:9)
  A shadow (D:10)
  2 wyverns
  A basilisk (Lair:2)
  A hungry ghost (D:8)
  Menkaure (D:7)
  3 water moccasins
  4 ice beasts
  A porcupine (Lair:1)
  3 sky beasts
  2 orc warriors
  4 ogres
  A black bear (D:8)
  2 phantoms (D:10)
  7 wolves
  5 centaurs
  A big kobold (D:7)
  Blork the orc (D:6)
  7 bullfrogs
  2 gnoll sergeants (D:8)
  4 scorpions
  10 killer bees
  14 wights
  2 crimson imps (D:7)
  2 hounds
  2 jellies
  A bullfrog zombie (D:7)
  8 orc wizards
  7 orc priests
  A bullfrog skeleton (D:9)
  2 centaur skeletons
  A gnoll shaman (D:6)
  An iron imp (D:6)
  2 iguanas
  Natasha (twice) (D:2)
  10 worker ants
  A killer bee zombie (D:8)
  A hound skeleton (D:9)
  2 worker ant zombies
  Robin (D:3)
  11 gnolls
  8 adders
  2 shadow imps
  2 oozes (D:2)
  3 adder zombies
  An adder skeleton (D:4)
  5 worms
  4 dart slugs
  5 leopard geckos
  36 orcs
  4 ball pythons
  6 bats
  8 giant cockroaches
  16 goblins
  10 hobgoblins
  16 jackals
  16 kobolds
  2 quokkas
  7 frilled lizards
  A jackal skeleton (D:7)
  A leopard gecko zombie (D:9)
  A quokka skeleton (D:9)
  5 rats
339 creatures vanquished.

Vanquished Creatures (others)
  An orc warrior (D:10)
  A fungus (Lair:2)
2 creatures vanquished.

Grand Total: 341 creatures vanquished

Notes
Turn   | Place    | Note
-------+----------+-------------------------------------------
     0 | D:1      | Duffy the Demonspawn Fire Elementalist began the quest for
                  | the Orb.
     0 | D:1      | Reached XP level 1. HP: 13/13 MP: 3/3
   328 | D:1      | Gained mutation: You are slightly more attuned to the
                  | shadows. [demonic ancestry]
   328 | D:1      | Reached XP level 2. HP: 14/19 MP: 3/5
   983 | D:2      | Noticed Natasha
  1161 | D:3      | Gained mutation: You are partially covered in molten
                  | scales. (AC +2) [demonic ancestry]
  1161 | D:3      | Reached XP level 3. HP: 24/24 MP: 2/6
  1167 | D:3      | Learned a level 3 spell: Conjure Flame
  1201 | D:3      | Noticed an ogre
  1933 | D:2      | Reached XP level 4. HP: 30/30 MP: 3/7
  2102 | D:3      | Noticed Robin
  2468 | D:3      | Killed Robin
  2567 | D:4      | Noticed Eustachio
  2909 | D:4      | Killed Eustachio
  2909 | D:4      | Gained mutation: You are significantly more attuned to the
                  | shadows. [demonic ancestry]
  2909 | D:4      | Reached XP level 5. HP: 32/35 MP: 5/9
  2909 | D:4      | Reached XP level 6. HP: 38/41 MP: 5/10
  2915 | D:4      | Learned a level 4 spell: Sticky Flame
  2970 | D:4      | Found a staircase to the Ecumenical Temple.
  2976 | Temple   | Entered the Ecumenical Temple
  3156 | Temple   | Became a worshipper of Sif Muna the Loreminder
  3995 | D:4      | Found Igayhud's Assorted Antiques.
  4001 | D:4      | Bought a scroll labeled ZEUREO WIMU for 16 gold pieces
  4001 | D:4      | Bought a dark potion for 14 gold pieces
  4001 | D:4      | Bought a sedimented cyan potion for 14 gold pieces
  4001 | D:4      | Bought a yellow potion for 14 gold pieces
  4001 | D:4      | Bought a scroll of identify for 32 gold pieces
  4506 | D:5      | Entered Level 5 of the Dungeon
  4761 | D:5      | Gained mutation: You have sharp fingernails. [demonic
                  | ancestry]
  4761 | D:5      | Reached XP level 7. HP: 23/46 MP: 5/12
  4927 | D:4      | Reached * piety under Sif Muna
  4927 | D:4      | Reached skill level 5 in Conjurations
  5142 | D:5      | Reached skill level 5 in Fire Magic
  6786 | D:6      | Got a shadowed robe
  6797 | D:6      | Identified the +1 robe of the Ninety-Nine Seas {rF+ Int+4}
                  | (You found it on level 6 of the Dungeon)
  6828 | D:6      | Noticed Blork the orc
  6887 | D:5      | Reached skill level 1 in Evocations
  7161 | D:6      | Reached XP level 8. HP: 52/52 MP: 5/14
  7430 | D:6      | Found Elez Nejie's Armour Emporium.
  7434 | D:6      | You fall through a shaft for 2 floors!
  7447 | D:8      | Found Idayghaq's Assorted Antiques.
  7623 | D:8      | Found a staircase to the Lair.
  7669 | D:8      | Reached skill level 1 in Fighting
  7669 | D:8      | Reached skill level 5 in Spellcasting
  8549 | D:7      | Reached ** piety under Sif Muna
  8576 | D:7      | Reached XP level 9. HP: 62/62 MP: 9/17
  8631 | D:7      | Noticed Menkaure
  8636 | D:7      | Killed Menkaure
  8853 | D:6      | Found a snail-covered altar of Cheibriados.
  9180 | D:6      | Killed Blork the orc
  9971 | D:2      | Killed Natasha
  9971 | D:2      | Reached skill level 5 in Evocations
 10212 | D:2      | Noticed Natasha
 10224 | D:2      | Killed Natasha
 10299 | D:2      | Found a sparkling altar of Nemelex Xobeh.
 11597 | D:7      | Found Kegg's Distillery.
 11604 | D:7      | Bought a potion of invisibility for 96 gold pieces
 11604 | D:7      | Bought a potion of ambrosia for 96 gold pieces
 11604 | D:7      | Bought 2 potions of flight for 72 gold pieces
 11604 | D:7      | Bought a potion of curing for 36 gold pieces
 11673 | D:7      | Reached skill level 5 in Dodging
 11696 | D:7      | Reached skill level 5 in Fighting
 11696 | D:7      | Reached XP level 10. HP: 38/74 MP: 0/20
 12072 | D:7      | Found a transporter.
 12831 | D:8      | Reached skill level 1 in Invocations
 12920 | D:8      | Reached *** piety under Sif Muna
 13391 | D:9      | Found a blossoming altar of Fedhas.
 13775 | D:9      | Found Jompui's Book Emporium.
 13967 | D:9      | Reached **** piety under Sif Muna
 14070 | D:9      | Reached skill level 5 in Invocations
 14365 | D:9      | Reached XP level 11. HP: 78/79 MP: 16/23
 14610 | D:9      | Got a dazzling large shield
 14688 | D:9      | Identified the +5 large shield "Oqiddoat" {rF+ Str+2 Dex+2}
                  | (You found it on level 9 of the Dungeon)
 14730 | D:10     | Entered Level 10 of the Dungeon
 14948 | D:9      | Learned a level 5 spell: Fireball
 15115 | D:10     | Noticed a white ugly thing
 15121 | D:10     | Killed a white ugly thing
 17017 | Lair:1   | Entered Level 1 of the Lair of Beasts
 17268 | Lair:1   | Reached ***** piety under Sif Muna
 17268 | Lair:1   | Identified Sif Muna's Almanac of Blistering Confrontation
                  | (Sif Muna gifted it to you on level 1 of the Lair of
                  | Beasts)
 17268 | Lair:1   | Received a gift from Sif Muna
 17438 | Lair:1   | Learned a level 4 spell: Iskenderun's Mystic Blast
 17444 | Lair:1   | Learned a level 5 spell: Bolt of Magma
 17486 | Lair:1   | Learned a level 2 spell: Blink
 17490 | Lair:1   | Learned a level 3 spell: Mephitic Cloud
 17573 | Lair:1   | Noticed Nergalle
 18183 | Lair:2   | Reached skill level 1 in Earth Magic
 18363 | Lair:2   | Found a hole to the Spider Nest.
 19094 | Lair:2   | Gained mutation: You are partially covered in sharp spines.
                  | [demonic ancestry]
 19094 | Lair:2   | Reached XP level 12. HP: 86/86 MP: 20/25
 19095 | Lair:2   | Quit the game

Vault maps used:
D:1:      wander_arrival_abandoned_jail
D:2:      minmay_misc_feat_chi, nemelex_dance_club_becter, uniq_natasha
D:3:      first_ration, minmay_vboxes, uniq_robin
D:4:      lemuel_upstairs_altar, minmay_temple_entry_enclosed_plants,
          serial_shops, nicolae_shop_statue_plus, uniq_eustachio
D:5:      serial_co_window_serial, co_window_paths_a, co_window_corner_a,
          co_window_of_opportunity_a, co_window_paths_a, co_window_corner_a,
          co_window_corner_ca, co_window_broadway_c, co_window_broadway_a,
          co_window_corner_b, co_window_corner_b, glass_columns_c,
          glass_columns_b, glass_columns_a
D:6:      slow_altar_2, serial_shops, shop_coins, uniq_blork_the_orc
D:7:      gammafunk_beogh_shrine, serial_shops, nicolae_shop_statue_plus,
          uniq_menkaure
D:8:      lair_entry_dummy, serial_shops, nicolae_shop_trees
D:9:      serial_shops, shop, minivault_5, hangedman_fish_farm, fedhas_altar_3
D:10:     dk_noncrumbling_4, kennysheep_generic_room_3
Temple:   kilobyte_greek_temple
Lair:1:   uniq_nergalle
Lair:2:   elwin_shoals_entry_stream, spider_nest_entry_webs

Skill      XL: |  1  2  3  4  5  6  7  8  9 10 11 |
---------------+----------------------------------+-----
Conjurations   | 2 3 4 5 6 7 8 |  8.4
Fire Magic     | 3 4 5 7 |  7.9
Spellcasting   | 3 4 5 6 8 9 |  9.5
Evocations     | 1 3 5 6 |  6.0
Fighting       | 2 5 |  5.0
Dodging        | 3 5 |  5.0
Invocations    | 5 9 |  9.1
Earth Magic    | 3 |  3.3
Stealth        | |  1.7

Action                   |  1- 3 |  4- 6 |  7- 9 | 10-12 || total
-------------------------+-------+-------+-------+-------++-------
Melee: Short sword       |    57 |    24 |     6 |       ||    87
       Dagger            |       |       |   204 |   204 ||   408
       Spear             |       |       |     6 |       ||     6
 Cast: Flame Tongue      |    61 |   113 |   177 |   122 ||   473
       Sticky Flame      |       |     1 |    30 |    71 ||   102
       Conjure Flame     |       |     1 |    11 |    29 ||    41
       Fireball          |       |       |       |     8 ||     8
Invok: Divine Energy     |       |       |     1 |       ||     1
Evoke: Wand              |       |     5 |       |     3 ||     8
  Use: Scroll            |       |    10 |     2 |     4 ||    16
       Potion            |       |       |       |     1 ||     1
 Stab: Sleeping          |     2 |       |     7 |     7 ||    16
       Paralysed         |       |     6 |       |     1 ||     7
       Distracted        |       |       |       |     1 ||     1
  Eat: Chunk             |     4 |     9 |    23 |    15 ||    51
       Ration            |       |       |     1 |     4 ||     5
Armor: Robe              |     7 |       |    47 |    21 ||    75
       Leather armour    |    11 |    32 |    11 |       ||    54
Dodge: Dodged            |    51 |    44 |   241 |   313 ||   649

Table legend:
 A = Non-vault XP
 B = Vault XP
 C = Vault XP percentage of total XP
 D = Non-vault monster count
 E = Vault monster count
 F = Vault count percentage of total count
                 A         B        C        D         E       F
            +---------+---------+-------+---------+---------+-------
      Total |   20719 |    1415 |   6.4 |     310 |      29 |   8.6
            +---------+---------+-------+---------+---------+-------
        D:1 |      26 |       0 |   0.0 |      14 |       0 |   0.0
        D:2 |      80 |      57 |  41.6 |      22 |       9 |  29.0
        D:3 |     245 |      39 |  13.7 |      36 |      13 |  26.5
        D:4 |     471 |     211 |  30.9 |      25 |       1 |   3.8
        D:5 |     502 |       0 |   0.0 |       9 |       0 |   0.0
        D:6 |    1483 |     130 |   8.1 |      25 |       2 |   7.4
        D:7 |    1424 |     175 |  10.9 |      32 |       1 |   3.0
        D:8 |    2181 |       0 |   0.0 |      49 |       0 |   0.0
        D:9 |    4108 |     309 |   7.0 |      33 |       1 |   2.9
       D:10 |    3317 |      59 |   1.7 |      31 |       1 |   3.1
     Lair:1 |    2181 |       0 |   0.0 |      12 |       0 |   0.0
     Lair:2 |    4701 |     435 |   8.5 |      22 |       1 |   4.3
            +---------+---------+-------+---------+---------+-------
